 Dungeon Crawl Stone Soup version 0.27.1-1-g398f81649c (webtiles) character file.

Game seed: 2377410470353070491

4020 calewdscratch the Magician (level 10, -2/70 HPs)
             Began as a Red Draconian Conjurer on Sept 9, 2021.
             Was a Follower of Vehumet.
             Slain by a slime creature (14 damage)
             ... on level 8 of the Dungeon.
             The game lasted 02:19:33 (12148 turns).

calewdscratch the Magician (DrCj)                  Turns: 12148, Time: 02:19:44

Health: -2/70      AC:  8    Str:  9    XL:     10   Next: 3%
Magic:  22/30      EV: 12    Int: 22    God:    Vehumet [*.....]
Gold:   265        SH:  0    Dex: 10    Spells: 7/24 levels left

rFire    + . .     SeeInvis .   L - +3 mace
rCold    . . .     Faith    .   (no shield)
rNeg     . . .     Spirit   .   (armour unavailable)
rPois    +         Reflect  .   (helmet restricted)
rElec    .         Harm     .   p - scarf {repulsion}
rCorr    +         Rampage  .   (no gloves)
Will     .....                  t - +0 pair of boots of the Special Ziggurats {rCorr}
Stlth    ++........             (no amulet)
HPRegen  0.21/turn              A - ring of poison resistance
MPRegen  0.22/turn              y - ring of magical power

@: short of breath, repel missiles
A: breathe fire, AC +7, unfitting armour, fire resistance 1, cold-blooded
a: Breathe Fire, Renounce Religion


You were on level 8 of the Dungeon.
You worshipped Vehumet.
Vehumet was aware of your devotion.
You visited 1 branch of the dungeon, and saw 8 of its levels.

You collected 293 gold pieces.
You spent 28 gold pieces at shops.

Inventory:

Hand Weapons
 r - a +0 vorpal dire flail
 v - a +0 morningstar
 C - a +2 whip of holy wrath
 L - a +3 mace (weapon)
Missiles
 b - 240 stones
 j - a throwing net
 D - 23 poisoned darts
Armour
 p - a scarf of repulsion (worn)
 t - the +0 pair of boots of the Special Ziggurats (worn) {rCorr}
   (You found it on level 4 of the Dungeon)

   rCorr:     It protects you from acid and corrosion.
Magical Staves
 F - a staff of poison
Jewellery
 h - a ring of positive energy
 y - a ring of magical power (right hand)
 A - a ring of poison resistance (left hand)
Wands
 g - a wand of polymorph (9)
 q - a wand of paralysis (17)
 u - a wand of iceblast (7)
 E - a wand of flame (26)
Scrolls
 f - 5 scrolls of teleportation
 k - a scroll of fear
 m - 2 scrolls of enchant armour
 n - 2 scrolls of amnesia
 o - a scroll of magic mapping
 x - a scroll of noise
 J - a scroll of blinking
Potions
 a - 4 potions of haste
 c - a potion of lignification {unknown}
 e - 4 potions of heal wounds
 l - 3 potions of curing
 w - 2 potions of magic
 z - a potion of degeneration {unknown}
 G - a potion of mutation {unknown}
 H - 2 potions of brilliance {unknown}
 I - 3 potions of flight


   Skills:
 + Level 0.7 Fighting
 + Level 0.6 Maces & Flails
 + Level 1.9 Dodging
 - Level 1.7 Stealth
 * Level 7.7 Spellcasting
 + Level 7.4 Conjurations
 - Level 4.2 Hexes
 + Level 2.7 Translocations
 - Level 3.0 Transmutations
 - Level 6.1 Fire Magic
 - Level 3.0 Air Magic
 + Level 0.5 Earth Magic
 - Level 4.2 Poison Magic


You had 7 spell levels left.
You knew the following spells:

 Your Spells              Type           Power      Damage    Failure   Level
a - Magic Dart            Conj           100%       1d8       1%          1
b - Searing Ray           Conj           82%        3d6       1%          2
c - Mephitic Cloud        Conj/Pois/Air  30%        N/A       3%          3
d - Ignite Poison         Fire/Tmut/Pois 28%        N/A       3%          3
e - Iskenderun's Mystic   Conj/Tloc      30%        2d8       10%         4
f - Fulminant Prism       Conj/Hex       17%        3d11      7%          4

Your spell library contained the following spells:

 Spells                   Type           Power      Damage    Failure   Level
 Foxfire                  Conj/Fire      100%       2x1d9     1%          1
 Dazzling Flash           Conj/Hex       68%        N/A       1%          3
 Bolt of Magma            Conj/Fire/Erth 14%        4d8       30%         5
 Starburst                Conj/Fire      19%        6d7       58%         6


Dungeon Overview and Level Annotations

Branches:
Dungeon (8/15)             Temple (0/1) D:6
   Lair: D:8-11

Altars:
Hepliaklqana
Uskayaw
Vehumet
Xom
Zin

Shops:
D:3 ?!**   D:8 *

Annotations:
D:7 3 runed translucent doors, Lobster4's ghost, novice GnWn; ZARRMARR's ghost, novice OpMo; xSliceyx's ghost, novice SpBr


Innate Abilities, Weirdness & Mutations

You can breathe blasts of fire.
Your fiery red scales are hard. (AC +7)
You cannot fit into any form of body armour.
Your flesh is heat resistant. (rF+)
You are cold-blooded and may be slowed by cold attacks.


Message History

The slime creature is lightly wounded.
You see here a +0 chain mail.
Casting: Magic Dart (safe; 1% risk of failure)
Confirm with . or Enter, or press ? or * to list all spells.
Okay, then.
Press: ? - help, Shift-Dir - straight line, f/p - slime creature
Aim: a slime creature You breathe a blast of fire.
The fiery breath hits the slime creature!
The slime creature is lightly wounded.
Casting: Magic Dart (safe; 1% risk of failure)
Confirm with . or Enter, or press ? or * to list all spells.
Aiming: Searing Ray (safe; 1% risk of failure)
Press: ? - help, Shift-Dir - straight line, f/p - slime creature
Aim: a slime creature (lightly wounded, 96% to hit)
The searing ray hits the slime creature!
The slime creature is moderately wounded. (Press . to maintain the ray.)
The searing ray misses the slime creature.
The slime creature barely misses you.
The searing ray hits the slime creature!
The slime creature is moderately wounded.
The slime creature hits you!
The searing ray hits the slime creature!
The slime creature is heavily wounded.
You finish channeling your searing ray.
The slime creature hits you!
Casting: Searing Ray (safe; 1% risk of failure)
Confirm with . or Enter, or press ? or * to list all spells.
Aiming: Fulminant Prism (dangerous; 7% risk of failure)
Press: ? - help, Dir - move target, p - slime creature You conjure a prism of explosive energy!
A fulminant prism comes into view.
The slime creature hits you!
You sock the slime creature!
The slime creature is heavily wounded.
The slime creature hits you!
* * * LOW HITPOINT WARNING * * *
Your fulminant prism crackles loudly.
The slime creature hits you!
You die...

##
############################..
#............@J.*.°....[......
#.##########################..
#.# .. #.# .. #.# .. #.# ..
#.# # .( #.# .# ##
#.#######.#.


You could see a slime creature (ally target) and a friendly fulminant prism.

Vanquished Creatures
  A deep elf pyromancer (D:7)
  Prince Ribbit (D:6)
  Eustachio (D:5)
  The ghost of GravelGoth the Skirmisher, an amateur DsFi (D:4)
  Edmund (D:4)
  An orc warrior (D:6)
  A black bear (D:7)
  2 necrophages (D:7)
  A sky beast (D:6)
  4 ogres
  4 centaurs
  A phantom (D:5)
  2 kobold brigands
  A wyvern zombie (D:6)
  2 scorpions
  A water moccasin zombie (D:7)
  A water moccasin skeleton (D:4)
  3 killer bees (D:7)
  7 wights
  4 howler monkeys
  A bullfrog zombie (D:6)
  3 centaur zombies
  A hound (D:7)
  An orc priest (D:3)
  A jelly (D:6)
  3 bullfrog skeletons
  A gnoll shaman (D:5)
  Ijyb (D:5)
  An iguana (D:4)
  6 orc wizards
  A howler monkey skeleton (D:7)
  14 gnolls
  8 adders
  A white imp (D:6)
  3 worms
  28 orcs
  4 endoplasms
  2 giant cockroaches
  7 goblins
  5 hobgoblins
  14 kobolds
  5 quokkas
  6 ball pythons
  7 bats
  2 frilled lizards
  4 rats
  A butterfly (D:6)
171 creatures vanquished.

Notes
Turn   | Place    | Note
-------+----------+-------------------------------------------
     0 | D:1      | calewdscratch the Draconian Conjurer began the quest for
                  | the Orb.
     0 | D:1      | Reached XP level 1. HP: 14/14 MP: 3/3
   293 | D:1      | Reached XP level 2. HP: 20/20 MP: 0/5
   571 | D:1      | Found a faded altar of an unknown god.
  1258 | D:2      | Reached XP level 3. HP: 26/26 MP: 1/7
  1486 | D:2      | Learned a level 2 spell: Searing Ray
  1853 | D:2      | Reached XP level 4. HP: 33/33 MP: 1/8
  2481 | D:2      | Reached skill level 5 in Conjurations
  3204 | D:3      | Found Juecaila's Magic Scroll Emporium.
  3321 | D:3      | Reached XP level 5. HP: 38/38 MP: 3/10
  3418 | D:3      | Bought a scroll of identify for 28 gold pieces
  3677 | D:3      | Found Xosory's Distillery.
  4114 | D:3      | Found Nuahil's Assorted Antiques.
  4152 | D:3      | Found Xaitol's General Store.
  4184 | D:3      | Reached skill level 1 in Hexes
  4184 | D:3      | Reached skill level 1 in Fire Magic
  4187 | D:3      | Reached XP level 6. HP: 29/45 MP: 4/12
  4699 | D:4      | Noticed Edmund
  4714 | D:4      | Killed Edmund
  5628 | D:4      | Your scales start taking on a fiery red colour.
  5628 | D:4      | Reached XP level 7. HP: 49/50 MP: 6/14
  5628 | D:4      | Gained mutation: Your flesh is heat resistant. (rF+) [Red
                  | Draconian growth]
  5776 | D:4      | Found a runed translucent gate.
  5777 | D:4      | Found a runed translucent gate.
  5777 | D:4      | Found a runed translucent gate.
  5839 | D:4      | Noticed GravelGoth's ghost (amateur DsFi)
  6000 | D:4      | Reached skill level 5 in Spellcasting
  6013 | D:4      | Killed GravelGoth's ghost
  6014 | D:4      | Reached skill level 1 in Transmutations
  6014 | D:4      | Reached skill level 1 in Poison Magic
  6261 | D:4      | Identified the +0 pair of boots of the Special Ziggurats
                  | {rCorr}
  6272 | D:4      | Learned a level 3 spell: Mephitic Cloud
  6276 | D:4      | Learned a level 3 spell: Ignite Poison
  6311 | D:5      | Entered Level 5 of the Dungeon
  6582 | D:5      | Noticed Eustachio
  6586 | D:5      | Killed Eustachio
  6587 | D:5      | Reached skill level 1 in Air Magic
  6587 | D:5      | Reached XP level 8. HP: 57/57 MP: 11/16
  6636 | D:5      | Noticed Ijyb
  6643 | D:5      | Paralysed by Ijyb for 5 turns
  6650 | D:5      | Killed Ijyb
  7599 | D:5      | Learned a level 4 spell: Fulminant Prism
  7644 | D:5      | Found a radiant altar of Vehumet.
  7650 | D:5      | Became a worshipper of Vehumet
  7673 | D:5      | Found a hide-covered altar of Uskayaw.
  8281 | D:6      | Reached XP level 9. HP: 58/62 MP: 18/18
  8782 | D:6      | Found a staircase to the Ecumenical Temple.
  9137 | D:6      | Reached skill level 5 in Fire Magic
  9244 | D:6      | Reached skill level 1 in Translocations
  9281 | D:6      | Found a hazy altar of Hepliaklqana.
  9283 | D:6      | Found a shimmering altar of Xom.
  9284 | D:6      | Noticed a spectral ugly thing
  9586 | D:7      | Noticed Prince Ribbit
  9614 | D:6      | Killed Prince Ribbit
  9614 | D:6      | Reached * piety under Vehumet
  9614 | D:6      | Offered knowledge of Foxfire by Vehumet.
 10086 | D:7      | Noticed a deep elf pyromancer
 10102 | D:7      | Killed a deep elf pyromancer
 10256 | D:7      | Identified the +11 rapier of False Accusations {antimagic,
                  | Int+2 Dex+4}
 10593 | D:7      | Found a runed translucent gate.
 10593 | D:7      | Found a runed translucent gate.
 10594 | D:7      | Found a runed translucent gate.
 10595 | D:7      | Noticed xSliceyx's ghost (novice SpBr)
 10595 | D:7      | Noticed Lobster4's ghost (novice GnWn)
 10596 | D:7      | Noticed ZARRMARR's ghost (novice OpMo)
 10858 | D:7      | Learned a level 4 spell: Iskenderun's Mystic Blast
 11658 | D:8      | Reached XP level 10. HP: 70/70 MP: 21/21
 11758 | D:8      | Found Zin's Purification Station.
 11763 | D:8      | Found a glowing silver altar of Zin.
 12148 | D:8      | Slain by a slime creature

Illustrated notes

Levels and vault maps discovered:
D:1:      psy_arrival_terrarium, layout_loops_cross,
          shapermc_ecumenical_altar_venn
D:2:      layout_basic
D:3:      layout_rooms, serial_shops,
          nicolae_shop_temple_entry_statues_fountains, shop, nicolae_shop_trees,
          shop, serial_aquarium, aquarium_bridge_straight
          [aquarium_subvault_bridge, aquarium_subvault_window,
          aquarium_subvault_bridge, aquarium_subvault_balcony],
          aquarium_window_corridor_1, aquarium_window_2, aquarium_window_1,
          aquarium_window_1, aquarium_view_2c, aquarium_pool_corner,
          kennysheep_pointless_box, solitary_fountain
D:4:      layout_layer_cave, gammafunk_ghost_necromancy, uniq_edmund
D:5:      layout_loops_ring, mainiacjoe_overflow_two_lobes, uniq_eustachio,
          uniq_ijyb
D:6:      layout_loops_ring, regret_index_temple_of_mockery,
          minmay_temple_entry_butterflies
D:7:      layout_gridville, gammafunk_ghost_cemetery, uniq_prince_ribbit1
D:8:      layout_basic, zin_purify, chequers_jeans, kennysheep_generic_room_9

Skill      XL: |  1  2  3  4  5  6  7  8  9 |
---------------+----------------------------+-----
Spellcasting   | 3 4 5 6 7 |  7.7
Conjurations   | 5 6 7 |  7.4
Hexes          | 1 2 3 4 |  4.2
Fire Magic     | 1 2 3 4 6 |  6.1
Transmutations | 1 3 |  3.0
Poison Magic   | 1 3 4 |  4.2
Air Magic      | 1 2 3 |  3.0
Translocations | 2 |  2.7
Fighting       | |  0.7
Maces & Flails | |  0.6
Dodging        | |  1.9
Stealth        | |  1.7
Earth Magic    | |  0.5

Action                   |  1- 3 |  4- 6 |  7- 9 | 10-12 || total
-------------------------+-------+-------+-------+-------++-------
Melee: Mace              |     2 |    11 |       |     1 ||    14
       Tailslap          |       |     1 |     4 |       ||     5
       Dire flail        |       |       |    14 |       ||    14
 Cast: Magic Dart        |    59 |    67 |    96 |     5 ||   227
       Searing Ray       |     3 |    17 |    47 |     4 ||    71
       Mephitic Cloud    |       |       |     2 |       ||     2
       Ignite Poison     |       |       |     1 |       ||     1
       Fulminant Prism   |       |       |       |     1 ||     1
 Abil: Breathe Fire      |       |       |    21 |     3 ||    24
  Use: Scroll            |       |     2 |    12 |       ||    14
       Potion            |       |       |     1 |       ||     1
Armor: Skin              |     3 |     7 |    38 |     3 ||    51
Dodge: Dodged            |     5 |    13 |    79 |     3 ||   100
       Repelled          |       |       |     2 |       ||     2
